 Dungeon Crawl Stone Soup version 0.28-a0-1506-g3893175d92 (webtiles) character file.

Game seed: 16361017801508654055

47 oldmanjim the Caller (level 3, 0/24 HPs)
             Began as a Merfolk Summoner on Jan 13, 2022.
             Slain by an adder (3 damage)
             ... on level 2 of the Dungeon.
             The game lasted 00:16:30 (2268 turns).

oldmanjim the Caller (Merfolk Summoner)             Turns: 2268, Time: 00:16:31

Health: 0/24       AC:  2    Str:  8    XL:     3   Next: 70%
Magic:  5/7        EV: 13    Int: 16    God:
Gold:   78         SH:  0    Dex: 14    Spells: 1/7 levels left

rFire   . . .      SeeInvis .   a - +0 trident
rCold   + . .      Faith    .   (no shield)
rNeg    . . .      Spirit   .   j - +0 robe
rPois   .          Reflect  .   (no helmet)
rElec   .          Harm     .   (no cloak)
rCorr   .          Rampage  .   (no gloves)
Will    .....                   (no boots)
Stlth   ++........              (no amulet)
HPRegen 0.08/turn               e - ring of protection from cold
MPRegen 0.10/turn               (no ring)

@: no status effects
A: (nimble swimmer 2), mertail
a: no special abilities


You were on level 2 of the Dungeon.
You visited 1 branch of the dungeon, and saw 2 of its levels.

You collected 78 gold pieces.

Inventory:

Hand Weapons
 a - a +0 trident (weapon)
 c - a +0 whip of venom
Missiles
 d - 25 sling bullets
 f - 41 arrows
 h - 68 stones (quivered)
 i - 2 atropa-tipped darts
 k - 21 bolts
Armour
 j - a +0 robe (worn)
Jewellery
 e - a ring of protection from cold (left hand)
Scrolls
 g - 2 scrolls of immolation
Potions
 b - a potion of lignification {unknown}


   Skills:
 - Level 3.0 Dodging
 - Level 3.0 Stealth
 + Level 2.6 Spellcasting
 + Level 4.4 Summonings


You had one spell level left.
You knew the following spells:

 Your Spells              Type           Power      Damage    Failure   Level
a - Summon Small Mammal   Summ           64%        N/A       3%          1
b - Call Imp              Summ           16%        N/A       4%          2
c - Call Canine Familiar  Summ           16%        N/A       10%         3

Your spell library contained the following spells:

 Spells                   Type           Power      Damage    Failure   Level
 Slow                     Hex            8%         N/A       21%         1
 Summon Guardian Golem    Hex/Summ       9%         N/A       24%         3
 Confusing Touch          Hex            2%         N/A       52%         3
 Vampiric Draining        Necr           2%         2d6       52%         3
 Summon Lightning Spire   Summ/Air       9%         N/A       61%         4


Dungeon Overview and Level Annotations

Branches:
Dungeon (2/15)

Altars:


Innate Abilities, Weirdness & Mutations

((You are very nimble when in or above water. (Stealth+, EV+, Speed+++)))
Your lower body shifts to a powerful aquatic tail in water.


Message History

The adder bites you.
Your crimson imp blinks!
Casting: Summon Small Mammal (safe; 3% risk of failure)
Confirm with . or Enter, or press ? or * to list all spells.
The adder bites you. The adder closely misses you. x2
The adder bites your quokka.
You are too injured to fight recklessly!
You are too injured to fight recklessly!
The adder bites your quokka but does no damage.
Your quokka misses the adder. The adder bites your quokka.
Your quokka dies!
Your quokka's corpse disappears in a puff of smoke!
Casting: Summon Small Mammal (safe; 3% risk of failure)
Confirm with . or Enter, or press ? or * to list all spells.
You miscast Call Imp.
You are very lightly contaminated with residual magic.
Nothing appears to happen.
The adder bites you.
You are poisoned.
The adder poisons you!
You feel sick.
You feel sick.
You feel sick. The adder bites you.
* * * LOW HITPOINT WARNING * * *
You feel sick.
You feel sick.
You feel sick.
Your magical contamination has completely faded away.
You feel sick.
You are no longer poisoned.
The adder barely misses you.
There is a stone staircase leading down here.
The adder misses you. The adder bites you but does no damage.
The adder misses you. The adder barely misses you.
Found a grey potion.
The adder bites you.
You die...

#....##.#..###.#........
#.###....†..... .......
#.#####.####.#. ......
#.............. .....
###.###.#...... ....
#.......#..#. ...
#.......#.... #.#
#....S....... #####.#
#....@#.#.... #...#.#
#.....#.########...#.#
#.....+.# #..........
#.....### #..........
#.....# #......#...
#...!.# #......#..†
#.....# #......'...
#.....# #......#...
#......#...


You could see an adder.

Vanquished Creatures
  A dart slug (D:1)
  2 hobgoblins (D:1)
  2 quokkas (D:1)
  A ball python (D:2)
  A bat (D:2)
  A frilled lizard (D:1)
8 creatures vanquished.

Vanquished Creatures (collateral kills)
  2 worms (D:2)
  A dart slug (D:2)
  5 ball pythons
  A bat (D:2)
  2 endoplasms (D:1)
  3 giant cockroaches
  A goblin (D:1)
  2 hobgoblins
  2 jackals (D:2)
  2 quokkas
  A frilled lizard (D:1)
  4 rats
26 creatures vanquished.

Grand Total: 34 creatures vanquished

Notes
Turn   | Place    | Note
-------+----------+-------------------------------------------
     0 | D:1      | oldmanjim the Merfolk Summoner began the quest for the Orb.
     0 | D:1      | Reached XP level 1. HP: 13/13 MP: 3/3
   434 | D:1      | Found a faded altar of an unknown god.
   465 | D:1      | Reached XP level 2. HP: 19/19 MP: 1/5
   469 | D:1      | Learned a level 2 spell: Call Imp
  1369 | D:2      | Reached XP level 3. HP: 24/24 MP: 0/6
  1563 | D:2      | Learned a level 3 spell: Call Canine Familiar
  2081 | D:2      | Noticed a black bear
  2268 | D:2      | Slain by an adder

Illustrated notes

Levels and vault maps discovered:
D:1:      minmay_arrival_loop, layout_basic, ebering_ecumenical_altar_ruins,
          minmay_misc_feat_cross
D:2:      layout_basic, minmay_octomino_e4

Skill      XL: |  1  2 |
---------------+-------+-----
Dodging        | 3 |  3.0
Stealth        | 3 |  3.0
Spellcasting   | |  2.6
Summonings     | |  4.4

Action                   || total
-------------------------++-------
Melee: Whip              ||    15
       Trident           ||    17
 Cast: Summon Small Mamm ||    27
       Call Imp          ||    13
       Call Canine Famil ||     1
  Use: Scroll            ||     2
 Stab: Sleeping          ||     1
Armor: Robe              ||     5
Dodge: Dodged            ||    50

Table legend: (Time is in decaauts)
 A = Elapsed time spent in this place.
 B = Non-inter-level travel time spent in this place.
 C = Inter-level travel time spent in this place.
 D = Time resting spent in this place.
 E = Time spent auto-exploring this place.
 F = Levels seen in this place.
 G = Mean time per level.
                   A        B        C        D        E       F      G
               +--------+--------+--------+--------+--------+-----+--------+
         Total |   2274 |   2259 |     15 |    427 |   1113 |   2 | 1137.0 |
       Dungeon |   2274 |   2259 |     15 |    427 |   1113 |   2 | 1137.0 |
               +--------+--------+--------+--------+--------+-----+--------+

Top non-repeatable levels by time:
     D:1: 1345 daAuts
     D:2: 929 daAuts
